 Dungeon Crawl Stone Soup version 0.31-a0-981-geadf994542 (webtiles) character file.

Game seed: 1825483039630681847

202 AIAndy the Ruffian (level 5, -21/33 HPs)
             Began as an Octopode Shapeshifter on Nov 1, 2023.
             Demolished by an ogre
             ... wielding a +0 giant club
              (24 damage)
             ... on level 4 of the Dungeon.
             The game lasted 00:05:47 (2233 turns).

AIAndy the Ruffian (Octopode Shapeshifter)          Turns: 2233, Time: 00:05:48

Health: -21/33     AC:  1    Str: 15    XL:     5   Next: 80%
Magic:  5/5        EV: 13    Int: 13    God:
Gold:   170        SH:  0    Dex: 11    Spells: 4/4 levels left

rFire   . .          .
                       - Unarmed
rCold   . . .        (no shield)
rNeg    . . .        (helmet currently unavailable)
rPois   .            g - amulet of regeneration
rElec   .            (no ring)
rCorr   .            (no ring)
SInv    .            (no ring)
Will    .....        (no ring)
Stlth   ++           (no ring)
HPRegen 1.05/turn    (no ring)
MPRegen 0.09/turn    (no ring)
                     (no ring)

%: no passive effects
@: beast-form
A: beast (slay +2), almost no armour, amphibious, 8 rings, camouflage 1,
gelatinous body 1, (nimble swimmer 1), tentacles
a: Begin Untransformation


You were on level 4 of the Dungeon.
You were a hulking beast.
You visited 1 branch of the dungeon, and saw 4 of its levels.

You collected 170 gold pieces.


Innate Abilities, Weirdness & Mutations

You are a hulking beast.
Your limbs bulge with bestial killing power. (Slay +2)
You cannot wear most types of armour.
You are amphibious.
You can wear up to eight rings at the same time.
Your skin changes colour to match your surroundings (Stealth+).
Your rubbery body absorbs attacks. (AC +1, EV +1)
((You are camouflaged when in or above water. (Stealth+)))
You have tentacles for arms and can constrict up to eight enemies at once.


   Skills:
 - Level 1.0 Fighting
 - Level 2.0 Dodging
 + Level 4.9 Unarmed Combat
 + Level 4.6 Shapeshifting


You had 4 spell levels left.
You didn't know any spells.
Your spell library contained the following spells:

 Spells                   Type           Power      Damage    Failure   Level
 Magic Dart               Conj           0%         1d3       30%         1
 Call Imp                 Summ           0%         N/A       43%         2
 Mephitic Cloud           Conj/Pois/Air  0%         N/A       67%         3

Inventory:

Jewellery
 g - an amulet of regeneration (around mantle)
Talismans
 b - a beast talisman
 c - a flux talisman
Wands
 n - a wand of polymorph (10)
Scrolls
 e - 4 scrolls of identify {unknown}
 f - a scroll of vulnerability {unknown}
 h - 2 scrolls of teleportation {unknown}
 i - 3 scrolls of fog {unknown}
 k - a scroll of noise {unknown}
 o - a scroll of fear {unknown}
 q - a scroll of enchant weapon {unknown}
 r - a scroll of poison {unknown}
 s - a scroll of blinking {unknown}
Potions
 a - a potion of lignification {!q}
 d - a potion of might {unknown}
 j - 2 potions of curing {unknown}
 l - a potion of mutation {unknown}
 m - a potion of enlightenment {unknown}
 p - 2 potions of brilliance {unknown}

Dungeon Overview and Level Annotations

Branches:
Dungeon (4/15)
 Temple: D:4-7

Altars:

###....=##.##
........... .........
....... ..... .S. #O#
#########h###+####+#
............#..#....#
...........#..#....#
..........'..'....#
......)..#..#....#
####
#.###+#####.######
##..###.###...###.###
#..............+....#
#..............#....#


You could see an ogre and an adder.


Message History

An ogre is nearby!
A hound comes into view.
Found a scratched coral ring.
The hound barks!
You hear an angry hiss.
An adder comes into view.
Okay, then.
You completely miss the hound. Your grab misses the hound. The hound bites you.
You tentacle-slap the hound. You grab the hound. You squeeze the hound.
The hound is moderately wounded.
You constrict the hound. The hound bites you. x2
You bludgeon the hound! You squeeze the hound.
You kill the hound!
You barely miss the ogre. The ogre misses you.
You closely miss the ogre. The ogre barely misses you.
You tentacle-slap the ogre.
The ogre is lightly wounded.
You tentacle-slap the ogre.
The ogre is moderately wounded.
The ogre hits you with a +0 giant club!!
Ouch! That really hurt!
* * * LOW HITPOINT WARNING * * *
Okay, then.
You tentacle-slap the ogre but do no damage.
You squeeze the ogre!
The ogre is heavily wounded.
You tentacle-slap the ogre. You squeeze the ogre.
The ogre is severely wounded.
The ogre hits you with a +0 giant club!!
Ouch! That really hurt!
You die...

Skill      XL: |  1  2  3  4 |
---------------+-------------+-----
Unarmed Combat | 4 |  4.9
Shapeshifting  | 4 |  4.6
Fighting       | |  1.0
Dodging        | |  2.0

Action                     |  1- 3 |  4- 6 || total
---------------------------+-------+-------++-------
  Melee: Unarmed           |    54 |    76 ||   130
         Constrict         |    11 |    14 ||    25
         Tentacles         |     7 |    10 ||    17
         Punch             |     2 |     5 ||     7
   Stab: Sleeping          |     6 |     6 ||    12
 Armour: Skin              |    21 |    27 ||    48
  Dodge: Dodged            |    30 |    23 ||    53

Levels and vault maps discovered:
D:1:      lightli_arrival_flooded_house, layout_basic
D:2:      minmay_kobold_bridge, layout_loops_ring, uniq_jessica
D:3:      layout_basic
D:4:      layout_gridville, nicolae_wu_jian_wuxing_cycle,
          chequers_temple_overflow_minitemple, minmay_temple_entry_mini_moons,
          nrook_uturn, chequers_serial_rivers_small_a, hangedman_decor_push,
          minmay_manual_mess

Notes
Turn   | Place    | Note
-------+----------+-------------------------------------------
     0 | D:1      | AIAndy the Octopode Shapeshifter began the quest for the
                  | Orb.
     0 | D:1      | Reached XP level 1. HP: 13/13 MP: 1/1
   200 | D:1      | Reached XP level 2. HP: 18/18 MP: 2/2
   465 | D:1      | Reached XP level 3. HP: 23/23 MP: 3/3
   739 | D:2      | Noticed Jessica
   758 | D:2      | Killed Jessica
   759 | D:2      | Reached skill level 4 in Unarmed Combat
   759 | D:2      | Reached XP level 4. HP: 28/28 MP: 4/4
   836 | D:2      | Reached skill level 4 in Shapeshifting
  1515 | D:3      | Reached XP level 5. HP: 30/33 MP: 5/5
  2008 | D:3      | HP: 1/33 [orc/+0 flail (8)]
  2223 | D:4      | Noticed an ogre
  2231 | D:4      | HP: 1/33 [ogre/+0 giant club (30)]
  2233 | D:4      | Demolished by an ogre

Vanquished Creatures
  A hound (D:4)
  An orc priest (D:3)
  Jessica (D:2)
  4 adders
  2 worms
  2 dart slugs
  5 orcs (D:3)
  6 ball pythons
  5 bats
  4 endoplasms
  2 giant cockroaches (D:1)
  9 hobgoblins
  2 quokkas
  2 frilled lizards
  3 goblins (D:1)
  12 kobolds
  5 rats
66 creatures vanquished.

Table legend: (Time is in decaauts)
 A = Elapsed time spent in this place.
 B = Non-inter-level travel time spent in this place.
 C = Inter-level travel time spent in this place.
 D = Time resting spent in this place.
 E = Time spent auto-exploring this place.
 F = Levels seen in this place.
 G = Mean time per level.
                   A        B        C        D        E       F      G
               +--------+--------+--------+--------+--------+-----+--------+
         Total |   2223 |   2147 |     76 |      0 |   1689 |   4 |  555.8 |
       Dungeon |   2223 |   2147 |     76 |      0 |   1689 |   4 |  555.8 |
               +--------+--------+--------+--------+--------+-----+--------+

Top non-repeatable levels by time:
     D:3: 856 daAuts
     D:1: 724 daAuts
     D:2: 603 daAuts
     D:4: 39 daAuts

Table legend:
 A = Non-vault XP
 B = Vault XP
 C = Vault XP percentage of total XP
 D = Non-vault monster count
 E = Vault monster count
 F = Vault count percentage of total count
                 A         B        C        D         E       F
            +---------+---------+-------+---------+---------+-------
      Total |     249 |      40 |  13.8 |      62 |       4 |   6.1
            +---------+---------+-------+---------+---------+-------
        D:1 |      46 |       0 |   0.0 |      26 |       0 |   0.0
        D:2 |      45 |      40 |  47.1 |      14 |       4 |  22.2
        D:3 |     111 |       0 |   0.0 |      20 |       0 |   0.0
        D:4 |      47 |       0 |   0.0 |       2 |       0 |   0.0
            +---------+---------+-------+---------+---------+-------
